 Dungeon Crawl Stone Soup version 0.13.0-18-g7b03ea5 (webtiles) character file.

407 M4edhros the Covert (level 6, -3/39 HPs)
             Began as an Octopode Artificer on Oct 22, 2013.
             Was a Believer of Zin.
             Killed by divine providence
             ... invoked by an orc priest
              (13 damage)
             ... on Level 4 of the Dungeon.
             The game lasted 00:05:47 (3711 turns).

M4edhros the Covert (Octopode Artificer)            Turns: 3711, Time: 00:05:47

HP  -3/39        AC  1     Str 10      XL: 6   Next: 11%
MP   9/9         EV 12     Int 16      God: Zin [**....]
Gold 161         SH  0     Dex 13      Spells:  0 memorised,  5 levels left

Res.Fire  : . . .   See Invis. : .   E - +0 falchion
Res.Cold  : . . .   Warding    : .   (no shield)
Life Prot.: . . .   Conserve   : .   (helmet restricted)
Res.Poison: .       Res.Corr.  : .   (no amulet)
Res.Elec. : .       Clarity    : .   n - ring of flight
Sust.Abil.: . .     Spirit.Shd : .   (no ring)
Res.Mut.  : .       Stasis     : .   (no ring)
Res.Rott. : .       Flight     : .   (no ring)
Saprovore : . . .                    (no ring)
                                     (no ring)
                                     (no ring)
                                     (no ring)

@: short of breath, slightly resistant to hostile enchantments, extremely
stealthy
A: almost no armour, amphibious, 8 rings, constrict 8, camouflage 1, AC +1
a: Recite, Vitalisation, Renounce Religion, Evoke Flight


You were on level 4 of the Dungeon.
You worshipped Zin.
Zin was pleased with you.
You were not hungry.

You visited 2 branches of the dungeon, and saw 5 of its levels.

You collected 158 gold pieces.
You donated 17 gold pieces.

Inventory:

Hand weapons
 e - a +0,+0 short sword
 E - a +0,+0 falchion (weapon)
Missiles
 a - a throwing net (quivered)
Magical devices
 b - a wand of flame (3)
 c - a wand of enslavement (0)
 d - a wand of random effects (12)
Comestibles
 f - 2 bread rations
 q - 4 pears
 r - an apricot
 C - a cheese
Scrolls
 h - a scroll of curse jewellery {unknown}
 j - 4 scrolls of remove curse {unknown}
 k - a scroll of recharging
 l - 5 scrolls of identify {unknown}
 s - a scroll of enchant armour {unknown}
 u - 2 scrolls of curse weapon {unknown}
 v - 2 scrolls of enchant weapon II {unknown}
 w - a scroll of noise {unknown}
 x - a scroll of amnesia {unknown}
 y - a scroll of random uselessness {unknown}
 B - 2 scrolls of teleportation {unknown}
Jewellery
 n - a ring of flight (left tentacle)
Potions
 g - 2 potions of restore abilities {unknown}
 i - 2 potions of paralysis {unknown}
 m - 2 potions of mutation {unknown}
 o - a potion of flight {unknown}
 p - 2 potions of curing {unknown}
 t - 2 potions of speed {unknown}
 z - a potion of might {unknown}
 A - a potion of magic {unknown}
 D - a potion of berserk rage {unknown}


   Skills:
 - Level 1.0 Fighting
 - Level 1.0 Short Blades
 - Level 2.0 Dodging
 + Level 8.5 Stealth
 - Level 3.2 Evocations


You had 5 spell levels left.
You didn't know any spells.

Dungeon Overview and Level Annotations

Branches:
Dungeon (4/27)             Temple (1/1) D:4

Altars:
Fedhas
Kikubaaqudgha
Makhleb
Okawaru
Sif Muna
Trog
Xom
Zin
the Shining One


Innate Abilities, Weirdness & Mutations

You cannot wear most types of armour.
You are amphibious.
You can wear up to eight rings at the same time.
You can use your tentacles to constrict many enemies at once.
Your skin changes colour to match your surroundings (Stlth).
Your rubbery body absorbs attacks (AC +1).


Message History

Evoke which item? (* to show all) (? for menu, Esc to quit)
Zapping:
c - a wand of enslavement (1)
Press: ? - help, Shift-Dir - straight line, f/p - orc priest
Aim: an orc priest, wielding a runed orcish flail and wearing an orcish ring mail (moderately wounded)
The orc priest is repulsed!
This wand has 0 charges left.
The orc priest becomes somewhat translucent.
Evoke which item? (* to show all) (? for menu, Esc to quit)
This wand has no charges.
Unknown command.
That item cannot be evoked!
Evoke which item? (* to show all) (? for menu, Esc to quit)
Okay, then.
Evoke which item? (* to show all) (? for menu, Esc to quit)
Zapping:
d - a wand of random effects (13)
Press: ? - help, Shift-Dir - straight line, f/p - orc priest
Aim: an orc priest, wielding a runed orcish flail and wearing an orcish ring mail (moderately wounded)
The orc priest is repulsed!
This wand has 12 charges left.
The orc priest calls down the wrath of Beogh upon you.
Something smites you!
You die...

....... ....... .......# .
.......... ........ .. .........
.# ######## ..........#.# ###
##.##.#.##
....#...)....##o####........#
............>#.o@#....#....######
..........#..)............####.#.
..........#.........#......##....
[........#.................##....
..(...............#...#.....#..##
..................#.....<.)#....#
.................................
.................................
.................................


You could see 2 orc priests.

Vanquished Creatures
  A worker ant (D:4)
  8 gnolls (D:3)
  4 adders
  2 worms
  7 giant geckos
  An ooze (D:2)
  8 orcs
  8 bats
  5 giant cockroaches
  7 hobgoblins
  5 jackals
  7 kobolds
  3 quokkas
  A ball python (D:2)
  7 giant newts
  6 goblins
  19 rats
99 creatures vanquished.

Notes
Turn   | Place    | Note
--------------------------------------------------------------
     0 | D:1      | M4edhros, the Octopode Artificer, began the quest for the Orb.
     0 | D:1      | Reached XP level 1. HP: 14/14 MP: 1/1
    92 | D:2      | Reached XP level 2. HP: 9/19 MP: 3/3
   202 | D:2      | Found a shimmering altar of Xom.
   299 | D:2      | Reached skill level 4 in Stealth
   318 | D:2      | Reached XP level 3. HP: 24/24 MP: 4/4
   580 | D:3      | Reached skill level 5 in Stealth
   747 | D:3      | HP: 1/24 [gnoll/flail (5)]
   749 | D:3      | Reached XP level 4. HP: 1/29 MP: 6/6
  1106 | D:3      | Reached skill level 6 in Stealth
  1133 | D:3      | Found a blossoming altar of Fedhas.
  1289 | D:4      | Noticed a phantom
  1474 | D:4      | Found a staircase to the Ecumenical Temple.
  1497 | Temple   | Entered the Ecumenical Temple
  1509 | Temple   | Became a worshipper of Zin the Law-Giver
  1570 | D:4      | Reached XP level 5. HP: 18/34 MP: 7/7
  1794 | D:1      | Reached skill level 7 in Stealth
  2085 | D:1      | Acquired Zin's first power
  2810 | D:3      | Reached skill level 8 in Stealth
  3175 | D:3      | Reached XP level 6. HP: 27/39 MP: 9/9
  3603 | D:4      | Acquired Zin's second power
  3711 | D:4      | Killed from afar by an orc priest

Action                   |  1- 3 |  4- 6 || total
-------------------------+-------+-------++-------
Melee: Short sword       |    55 |   138 ||   193
       Falchion          |       |     8 ||     8
Invok: Recite            |       |     1 ||     1
Evoke: Wand              |     6 |    24 ||    30
 Stab: Sleeping          |    14 |    19 ||    33
       Distracted        |     1 |     1 ||     2
